 Dungeon Crawl Stone Soup version 0.26.1-2-gb8aa6d0cf2 (webtiles) character file.

Game seed: 14259048583318764186

2952 MalarOregon the Gusty (level 10, -3/65 HPs)
             Began as a Halfling Air Elementalist on Mar 28, 2021.
             Was a Believer of Makhleb.
             Slain by an orc knight
             ... wielding a +0 halberd
              (20 damage)
             ... in a bailey.
             The game lasted 00:17:16 (9515 turns).

MalarOregon the Gusty (Halfling Air Elementalist)   Turns: 9515, Time: 00:17:17

Health: -3/65      AC: 10    Str: 10    XL:     10   Next: 8%
Magic:  16/16      EV: 14    Int: 15    God:    Makhleb [**....]
Gold:   326        SH:  5    Dex: 16    Spells: 13/17 levels left

rFire    . . .     SeeInvis .   s - +8 arc blade {discharge, rElec}
rCold    + . .     Faith    .   (shield restricted)
rNeg     . . .     Spirit   .   u - +0 scale mail {rC+}
rPois    .         Reflect  +   (no helmet)
rElec    +         Harm     .   (no cloak)
rCorr    .         Rampage  .   r - +0 pair of gloves
Will     .....                  b - +0 pair of boots
Stlth    +.........             i - amulet of reflection
HPRegen  0.20/turn              (no ring)
MPRegen  0.15/turn              (no ring)

@: no status effects
A: small, mutation resistance 1
a: Renounce Religion, Minor Destruction


You were in a bailey.
You worshipped Makhleb.
Makhleb was pleased with you.
You visited 2 branches of the dungeon, and saw 8 of its levels.
You also visited: Bailey.

You collected 326 gold pieces.

Inventory:

Hand Weapons
 p - the +10 falchion of Patterns {vorpal, rC+ Will+ Str+2, unknown}
   (You found it on level 4 of the Dungeon)

   It inflicts extra damage upon your enemies.
   It affects your strength (+2).
   It protects you from cold.
   It affects your willpower, your defense against some magical effects.
 s - the +8 arc blade (weapon) {discharge, rElec}
   (You found it on level 3 of the Dungeon)

   It insulates you from electricity.
 y - the +9 hunting sling "Fintyef" {speed, rElec, unknown}
   (You found it on level 5 of the Dungeon)

   Attacks with this weapon are significantly faster.
   It insulates you from electricity.
Armour
 b - a +0 pair of boots (worn)
   (You found it on level 1 of the Dungeon)
 c - a +0 hat of willpower
   (You found it in a bailey)
 e - a +2 ring mail of willpower
   (You took it off an orc on level 7 of the Dungeon)
 g - a +0 crystal plate armour
   (You found it in a bailey)
 r - a +0 pair of gloves (worn)
   (You found it on level 3 of the Dungeon)
 u - a +0 scale mail of cold resistance (worn)
   (You took it off an orc on level 3 of the Dungeon)
Jewellery
 i - an amulet of reflection (around neck)
   (You took it off a kobold on level 1 of the Dungeon)
Wands
 x - a wand of acid (3)
   (You found it on level 2 of the Dungeon)
Scrolls
 h - 4 scrolls of teleportation {@r4}
 j - a scroll of amnesia
 l - 2 scrolls of remove curse {@r2}
 m - a scroll of enchant weapon
 w - a scroll of immolation {!r}
Potions
 a - a potion of cancellation
 d - 2 potions of mutation {unknown}
 f - 2 potions of might
 k - 4 potions of curing {@q1}
 o - a potion of resistance
 q - a potion of haste {unknown}
 v - a potion of degeneration {unknown}
 B - 4 potions of brilliance


   Skills:
 + Level 4.8 Fighting
 + Level 5.5 Short Blades
 + Level 5.8 Armour
 + Level 6.3 Dodging
 - Level 2.1 Stealth
 + Level 4.4 Spellcasting
 - Level 0.7 Conjurations
 + Level 6.3 Air Magic


You had 13 spell levels left.
You knew the following spells:

 Your Spells              Type           Power        Failure   Level
b - Airstrike             Air            11%          56%         4

Your spell library contained the following spells:

 Spells                   Type           Power        Failure   Level
 Swiftness                Air            22%          11%         2
 Shock                    Conj/Air       52%          22%         1
 Static Discharge         Conj/Air       13%          56%         3
 Lightning Bolt           Conj/Air       6%           99%         5


Dungeon Overview and Level Annotations

Branches:
Dungeon (7/15)             Temple (1/1) D:4          Bailey (1/1)

Altars:
Ashenzari
Cheibriados
Dithmenos
Elyvilon
Fedhas
Gozag
Hepliaklqana
Kikubaaqudgha
Makhleb
Nemelex Xobeh
Okawaru
Qazlal
Ru
Sif Muna
Trog
Uskayaw
Vehumet
Wu Jian
Xom
Yredelemnul
Zin
The Shining One


Innate Abilities, Weirdness & Mutations

You are small and have problems with some larger weapons.
You are somewhat resistant to further mutation.


Message History

You open the door.
The orc warrior shouts! x2
There is an open door here.
The orc warrior hits you from afar with a +0 halberd.
The orc warrior closely misses you. The orc warrior barely misses you.
The orc warrior closely misses you.
You open the door.
An orc knight comes into view. It is wielding a +0 halberd.
The orc knight shouts!
The orc knight moves out of view.
There is an open door here.
The orc knight roars a battlecry!
The orc warrior goes into a battle-frenzy!
You hit the orc knight. The orc knight closely misses you.
You closely miss the orc knight.
The orc knight hits you with a +0 halberd!
You hit the orc knight.
The orc knight hits you with a +0 halberd!
You closely miss the orc knight.
The orc knight hits you with a +0 halberd!!
* * * LOW HITPOINT WARNING * * *
Okay, then.
There is an open door here.
The orc warrior barely misses you. The orc knight closely misses you.
You block the orc warrior's attack. The orc warrior closely misses you. x2
The orc warrior hits you but does no damage.
The orc warrior closely misses you.
The orc warrior hits you from afar with a +0 spear.
* * * LOW HITPOINT WARNING * * *
The orc warrior barely misses you. x2
The orc warrior hits you from afar with a +0 spear!
* * * LOW HITPOINT WARNING * * *
There is an open door here.
Things that are here:
a +0 spear; a +0 ring mail The orc knight roars a battlecry!
The orc warrior goes into a battle-frenzy!
Things that are here:
a +0 halberd; a +0 scale mail
Things that are here:
a +0 glaive; a +0 plate armour
Things that are here:
a +0 spear; a +0 scale mail Why would you want to do that?
Items here: )) [[.
Things that are here:
a +0 spear; a +0 chain mail The orc knight hits you from afar with a +0 halberd!!
You die...

.#'#..≈≈)).⌠...§≈..# #..≈≈.∩#
##.#'..≈≈..(..§§..## ##..≈≈.#
#...##..≈≈≈≈≈§≈§.## ##..≈.#
.....##.........##.$$$.##)≈.#
###########'#############)≈.#
.......##.....# #####..≈.#
≈≈≈≈≈≈..##[..#######≈≈≈≈≈≈≈.#
.....≈≈..##.##o..##.........#
####..≈≈..###..≈@.##.########
##..≈≈.....≈≈...##...####
##..≈≈≈≈≈≈≈..#######..∩##
##.........## ####∩#
########### ###


You could see an orc knight.

Vanquished Creatures
  2 orc knights (Bailey)
  Duvessa (D:7)
  2 orc warriors
  3 ice beasts
  A necrophage (D:6)
  3 ogres
  A centaur (D:5)
  A bullfrog (D:7)
  Dowan (D:7)
  A howler monkey (D:5)
  2 centaur zombies
  4 crimson imps
  2 jellies
  2 orc priests (D:4)
  A hound (D:5)
  A gnoll shaman (D:3)
  4 orc wizards
  2 iguanas
  3 worker ants (D:6)
  A hound skeleton (D:6)
  5 adders
  5 gnolls
  A shadow imp (D:7)
  2 adder skeletons (D:4)
  An adder zombie (D:5)
  2 dart slugs
  3 worms
  3 leopard geckos
  36 orcs
  7 giant cockroaches
  6 goblins
  12 hobgoblins
  13 jackals
  5 quokkas
  3 ball pythons
  13 bats
  6 frilled lizards
  A jackal skeleton (D:5)
  10 kobolds
  A leopard gecko zombie (D:5)
  10 rats
183 creatures vanquished.

Notes
Turn   | Place    | Note
-------+----------+-------------------------------------------
     0 | D:1      | MalarOregon the Halfling Air Elementalist began the quest
                  | for the Orb.
     0 | D:1      | Reached XP level 1. HP: 11/11 MP: 3/3
   446 | D:1      | Reached XP level 2. HP: 18/18 MP: 0/4
  1199 | D:1      | Reached XP level 3. HP: 22/22 MP: 5/5
  1513 | D:2      | Reached skill level 1 in Armour
  2000 | D:2      | Reached skill level 1 in Fighting
  2558 | D:2      | Reached XP level 4. HP: 28/28 MP: 3/6
  3006 | D:2      | Learned a level 4 spell: Airstrike
  3522 | D:3      | Found an iron altar of Okawaru.
  3600 | D:3      | Reached XP level 5. HP: 24/33 MP: 3/8
  4044 | D:3      | Found a broken altar of Ashenzari.
  4175 | D:3      | Found the +8 arc blade {discharge, rElec}
  4176 | D:3      | Found a burning altar of Makhleb.
  4498 | D:3      | Found a shimmering altar of Xom.
  4572 | D:3      | Reached XP level 6. HP: 28/39 MP: 1/9
  5478 | D:3      | Became a worshipper of Makhleb the Destroyer
  5869 | D:4      | Reached XP level 7. HP: 37/45 MP: 10/10
  5929 | D:4      | Got an ancient falchion
  6018 | D:4      | Reached skill level 1 in Short Blades
  6240 | D:4      | You fall into a shaft and drop 2 floors!
  6512 | D:6      | Found a hide-covered altar of Uskayaw.
  6512 | D:6      | Found a glowing golden altar of the Shining One.
  6512 | D:6      | Found a shimmering blue altar of Sif Muna.
  6586 | D:5      | Entered Level 5 of the Dungeon
  6611 | D:5      | Reached XP level 8. HP: 51/51 MP: 12/12
  6695 | D:5      | Got an encrusted hunting sling
  6746 | D:4      | Found a staircase to the Ecumenical Temple.
  7106 | Temple   | Entered the Ecumenical Temple
  7364 | D:5      | Reached * piety under Makhleb
  7598 | D:5      | Reached skill level 5 in Air Magic
  7618 | D:5      | Reached skill level 5 in Dodging
  8076 | D:6      | Reached XP level 9. HP: 57/58 MP: 14/14
  8249 | D:6      | Found a burning altar of Makhleb.
  8469 | D:7      | Found a snail-covered altar of Cheibriados.
  8514 | D:7      | Noticed Dowan
  8525 | D:7      | Noticed Duvessa
  8534 | D:7      | Killed Dowan
  8539 | D:7      | Killed Duvessa
  8540 | D:7      | Reached skill level 5 in Armour
  8635 | D:7      | Found a flagged portal.
  8650 | Bailey   | Entered a bailey
  8830 | Bailey   | Reached ** piety under Makhleb
  8831 | Bailey   | Noticed an orc knight
  8919 | Bailey   | Noticed an orc knight
  9010 | Bailey   | Killed an orc knight
  9011 | Bailey   | Reached skill level 5 in Short Blades
  9064 | Bailey   | HP: 1/59 [orc knight/+0 glaive (20)]
  9073 | Bailey   | Killed an orc knight
  9074 | Bailey   | Reached XP level 10. HP: 31/65 MP: 16/16
  9458 | Bailey   | Noticed an orc knight
  9515 | Bailey   | Slain by an orc knight

Illustrated notes

Levels and vault maps discovered:
D:1:      nicolae_arrival_memento_mori, layout_loops_ring,
          chequers_serial_rivers_small_3, chequers_serial_rivers_small_a,
          corexii_leaking_fountain
D:2:      layout_basic
D:3:      layout_basic, lemuel_round_altar, cheibrodos_ashenzari_chains,
          lemuel_crystal_altar, nrook_loot_triangle,
          amcnicky_mini_corridor_feature, led_xom_imps
D:4:      layout_basic, minmay_temple_entry_hall
D:5:      minmay_diamond_boxcup, layout_loops_cross, st_stairs_4
D:6:      layout_rooms, gammafunk_temple_overflow_claw,
          makhleb_blood_cavern_becter
D:7:      layout_basic, old_standard_altar, enter_bailey_4, uniq_duvessa
Temple:   regret_index_temple_waves
Bailey:   bailey_polearm_1, bailey

Skill      XL: |  1  2  3  4  5  6  7  8  9 |
---------------+----------------------------+-----
Armour         | 1 2 3 4 5 |  5.8
Fighting       | 1 2 3 4 |  4.8
Spellcasting   | 2 3 4 |  4.4
Dodging        | 3 4 5 6 |  6.3
Air Magic      | 4 5 6 |  6.3
Short Blades   | 2 3 5 |  5.5
Stealth        | |  2.1
Conjurations   | |  0.7

Action                   |  1- 3 |  4- 6 |  7- 9 | 10-12 || total
-------------------------+-------+-------+-------+-------++-------
Melee: Unarmed           |    22 |       |       |       ||    22
       Whip              |    32 |   209 |       |       ||   241
       Rapier            |       |    17 |   179 |     4 ||   200
Throw: Dart              |       |       |    43 |       ||    43
 Cast: Shock             |    69 |   109 |       |       ||   178
       Airstrike         |       |     2 |       |       ||     2
Evoke: Wand              |       |     1 |    18 |       ||    19
  Use: Scroll            |       |     6 |     8 |       ||    14
       Potion            |       |       |     2 |       ||     2
 Stab: Sleeping          |     1 |       |       |       ||     1
       Distracted        |       |       |     1 |       ||     1
Armor: Robe              |    12 |     1 |       |       ||    13
       Leather armour    |       |    31 |       |       ||    31
       Scale mail        |       |     6 |    45 |     1 ||    52
Dodge: Dodged            |    63 |   181 |   112 |    18 ||   374
Block: Other             |       |    58 |    37 |     2 ||    97
